AoeStats
← 自古多情空餘恨

Nomad

510399466Analyzed
2v2 RM · 2d ago on Sep 30, 2026· 32m 45s· 4 players
Game mode
Random Map
Map size
176×176
Population
200
Speed
Normal
Resources
Standard
Victory
Conquest
Starting age
Dark Age
Ending age
Imperial Age
RankedLock teamsTeams togetherTeam positionsShared explorationLock speedFull tech treeHidden civsTurbo modeCheats
Victory
Defeat
🇭🇰 Mongols · Hong Kong SAR China
987
+12
🇺🇸 Lithuanians · United States
794
+20
🇺🇸 Japanese · United States
894
-16
🇷🇴 Malians · Romania
893
-16
Akranon
2:41 Loom
14:44 Feudal Age
15:17 Gold Mining
15:15 Double-Bit Axe
15:13 Fishing Lines
18:40 Wheelbarrow
21:07 Stone Mining
22:05 Fletching
34:09 Castle Age
Scottish
14:27 Feudal Age
13:43 Loom
15:29 Double-Bit Axe
18:56 Man-at-Arms
25:03 Arson
25:23 Scale Mail Armor
25:33 Forging
29:45 Castle Age
29:17 Gold Mining
29:58 Long Swordsman
Leeeroy__Jenkins
3:30 Loom
15:51 Feudal Age
18:11 Double-Bit Axe
24:47 Castle Age
23:06 Bloodlines
22:54 Stone Mining
24:57 Scale Barding Armor
25:03 Forging
26:57 Bow Saw
27:23 Husbandry
30:48 Gold Mining
自古多情空餘恨
6:02 Loom
8:22 Loom
12:06 Feudal Age
12:48 Double-Bit Axe
18:05 Wheelbarrow
18:26 Fishing Lines
22:01 Horse Collar
26:37 Castle Age
25:20 Stone Mining
25:36 Gold Mining
27:42 Bow Saw
27:36 Heavy Plow
28:52 Stone Shaft Mining
28:57 Gold Shaft Mining
Connection lost

Rejoining the realm…

Still unreachable

The connection could not be restored.

Session expired

The server has moved on; the page needs a fresh start.